Map: [ESL] Tropical Sacrifice

Players

PappiJoe

  • Race: Protoss Protoss
  • Spawn Location: 1:00

Vindicta - Winner!

  • Race: Terran Terran
  • Spawn Location: 7:00

Event: DreamHack SC2 Masters 2022 Valencia

VOD

Have the link to the VOD?

Description

Time

  • Played on: July 1, 2022, 2:33 p.m.
  • Length: 7:38

All games in this series

Show
View Real Time Build Order
Export as new Build Order

PappiJoe Protoss 

Build Orders: 1 Gate Expand, Phoenix Opening 

Get SALT Encoding   

  12  0:00  Probe  
  13  0:12  Probe  
  14  0:18  Pylon  
  14  0:24  Probe  
  14  0:28  Assimilator  
  15  0:36  Probe (Chrono Boost)  
  16  0:44  Gateway  
  16  0:48  Probe (Chrono Boost)  
  17  0:54  Probe  
  18  1:06  Probe  
  19  1:18  Probe  
  20  1:25  Nexus  
  20  1:34  Cybernetics Core  
  20  1:37  Probe  
  21  1:43  Assimilator  
  21  1:49  Probe  
  22  1:54  Pylon  
  22  2:01  Probe  
  23  2:09  Probe  
  23  2:10  Stalker (Chrono Boost)  
  23  2:11  Warp Gate  
  26  2:19  Probe, Shield Battery  
  27  2:33  Probe (Chrono Boost)  
  28  2:37  Probe (Chrono Boost)  
  28  2:40  Sentry  
  32  2:48  Probe (Chrono Boost)  
  32  2:49  Probe (Chrono Boost)  
  33  2:55  Probe  
  33  2:57  Probe  
  35  3:01  Gateway  
  35  3:04  Gateway  
  35  3:07  Sentry  
  35  3:08  Probe  
  38  3:13  Phoenix, Probe  
  39  3:20  Probe  
  39  3:21  Robotics Facility  
  39  3:25  Probe  
  41  3:32  Probe  
  42  3:37  Nexus  
  42  3:41  Probe  
  43  3:44  Probe  
  43  3:46  Pylon  
  44  3:52  Pylon  
  44  3:53  Probe  
  45  3:56  Probe  
  45  3:57  Assimilator  
  46  4:03  Assimilator  
  46  4:05  Probe  
  46  4:08  Probe  
  48  4:12  Observer  
  49  4:17  Probe  
  49  4:18  Robotics Bay  
  49  4:20  Probe  
  51  4:25  Stalker x3  
  51  4:29  Probe  
  58  4:32  Probe  
  58  4:34  Pylon  
  58  4:38  Observer  
  59  4:41  Probe  
  60  4:48  Probe  
  60  4:51  Probe  
  66  4:53  Probe  
  66  4:59  Shield Battery  
  67  5:00  Probe  
  67  5:03  Probe  
  69  5:11  Pylon  
  69  5:12  Probe  
  62  5:15  Stalker, Pylon  
  62  5:17  Pylon  
  62  5:19  Probe  
  64  5:25  Probe  
  64  5:26  Immortal (Chrono Boost)  
  65  5:29  Probe  
  65  5:30  Pylon  
  65  5:32  Pylon  
  65  5:33  Twilight Council  
  64  5:43  Probe  
  64  5:44  Probe  
  64  5:49  Probe  
  67  5:50  Forge  
  67  5:55  Probe, Zealot x3  
  74  5:57  Shield Battery  
  74  6:00  Probe  
  74  6:05  Colossus (Chrono Boost)  
  80  6:11  Probe x2  
  80  6:14  Probe, Assimilator  
  83  6:18  Assimilator  
  83  6:24  Sentry  
  85  6:27  Probe  
  85  6:28  Probe  
  85  6:29  Pylon  
  85  6:30  Pylon  
  87  6:35  Pylon, Probe  
  87  6:37  Pylon  
  88  6:42  Probe  
  88  6:45  Pylon  
  89  6:47  Pylon  
  89  6:52  Zealot x3  
  89  6:53  Pylon  
  101  7:13  Gateway  
  101  7:15  Gateway  
  101  7:16  Pylon  
  101  7:18  Pylon  
  99  7:23  Gateway  
  99  7:25  Gateway  
  99  7:27  Gateway  
Show
View Real Time Build Order
Export as new Build Order

Vindicta Terran - Winner!

Build Orders: Reaper Expand 

Get SALT Encoding   

  12  0:00  SCV  
  13  0:12  SCV  
  14  0:17  Supply Depot  
  14  0:24  SCV  
  15  0:39  SCV  
  15  0:41  Barracks  
  16  0:44  Refinery  
  16  0:51  SCV  
  17  1:03  SCV  
  18  1:15  SCV  
  19  1:28  Reaper  
  19  1:29  Orbital Command  
  20  1:43  Command Center  
  20  1:55  SCV, Supply Depot  
  20  2:00  Marine  
  22  2:11  Factory, SCV  
  23  2:18  Refinery  
  23  2:21  Barracks Reactor  
  23  2:26  SCV  
  24  2:31  Bunker  
  24  2:38  SCV  
  25  2:50  SCV  
  26  2:55  Orbital Command  
  26  2:57  Marine, Widow Mine  
  26  2:58  Marine  
  30  3:06  Starport  
  30  3:15  Marine  
  30  3:17  SCV  
  30  3:18  Widow Mine  
  34  3:21  SCV  
  35  3:27  Marine  
  35  3:29  SCV  
  35  3:33  SCV, Marine  
  39  3:34  Supply Depot  
  39  3:41  SCV  
  39  3:42  Medivac  
  39  3:44  Marine, Widow Mine  
  39  3:45  SCV  
  46  3:55  Marine  
  46  3:56  SCV  
  46  3:57  SCV, Supply Depot  
  49  4:06  Factory Tech Lab  
  49  4:08  SCV  
  50  4:14  SCV, Starport Tech Lab  
  50  4:16  Barracks x2  
  51  4:17  Marine  
  51  4:24  Siege Tank  
  51  4:25  SCV  
  51  4:27  Refinery  
  51  4:29  Supply Depot  
  55  4:33  SCV  
  55  4:36  Raven  
  55  4:37  SCV, Marine  
  60  4:39  Marine  
  62  4:45  SCV  
  62  4:49  Engineering Bay  
  62  4:52  Supply Depot  
  62  4:54  SCV, Marine  
  62  4:57  Refinery  
  64  5:00  SCV  
  64  5:06  Factory Reactor  
  65  5:09  SCV  
  60  5:15  SCV  
  60  5:16  Terran Infantry Weapons Level 1  
  60  5:17  Marine  
  61  5:21  SCV  
  61  5:22  Stimpack  
  61  5:24  Marauder  
  61  5:25  Marine  
  61  5:27  SCV  
  62  5:28  Combat Shield  
  62  5:31  Supply Depot  
  62  5:33  SCV, Marauder  
  62  5:34  Marine  
  65  5:43  Marine  
  65  5:45  Marauder  
  65  5:47  Supply Depot  
  68  5:52  Marine  
  68  5:55  Medivac, Factory Reactor  
  70  5:57  Medivac  
  70  5:59  Marine  
  70  6:02  Command Center  
  73  6:08  Marine  
  73  6:09  Marine  
  73  6:10  Barracks  
  75  6:11  Barracks  
  75  6:12  Marine  
  75  6:15  SCV  
  75  6:17  SCV, Marine  
  79  6:26  Marine  
  79  6:27  Supply Depot, Medivac  
  79  6:28  Marauder  
  84  6:33  Marine  
  84  6:34  Widow Mine  
  84  6:35  Marauder, Widow Mine  
  91  6:40  Supply Depot  
  91  6:42  SCV  
  91  6:46  Medivac  
  94  6:47  Concussive Shells  
  94  6:49  Marauder  
  94  6:51  Supply Depot  
  96  6:56  Widow Mine  
  96  6:57  Medivac  
  100  7:01  Marauder  
  100  7:02  Barracks Reactor  
  102  7:13  Barracks Tech Lab  
  101  7:16  SCV, Marine  
  101  7:17  Marauder  

Tags
 
Add a new tag
Caveats
  • Supply blocks, unpowered buildings, or Contaminate may cause inaccurate times.
  • Supply counts are checked every 10 seconds.